 Dungeon Crawl Stone Soup version 0.29.1-15-g9cfb28693d (webtiles) character file.

Game seed: 16819514470092182720

9553 croobank the Grappler (level 11, 0/109 HPs)
             Began as a Troll Fighter on Apr 23, 2023.
             Was a Priest of Wu Jian.
             Slain by a two-headed ogre
             ... wielding a +0 giant spiked club
              (11 damage)
             ... while petrified by a basilisk
             ... on level 12 of the Dungeon.
             The game lasted 00:21:39 (8744 turns).

croobank the Grappler (Troll Fighter)               Turns: 8744, Time: 00:21:40

Health: 0/109      AC:  8    Str: 26    XL:     11   Next: 24%
Magic:  10/10      EV:  1    Int:  8    God:    Wu Jian [***...]
Gold:   588        SH:  0    Dex: 15    Spells: 10/10 levels left

rFire   . . .      SeeInvis .     - Unarmed
rCold   . . .      Faith    .   b - +2 kite shield
rNeg    + + +      Spirit   .   N - +0 steam dragon scales
rPois   ∞          Reflect  .   (helmet restricted)
rElec   .          Harm     .   B - +0 cloak
rCorr   .          Rampage  .   (gloves unavailable)
Will    .....                   (boots unavailable)
Stlth   +.........              E - amulet of regeneration
HPRegen 1.88/turn               l - +6 ring of dexterity
MPRegen 0.12/turn               m - +4 ring of evasion

@: petrified
A: large, unfitting armour, claws 3, regeneration 1, shaggy fur 1, tough skin 1
a: Renounce Religion, Wall Jump, Serpent's Lash


You were on level 12 of the Dungeon.
You worshipped Wu Jian.
Wu Jian was most pleased with you.
You visited 2 branches of the dungeon, and saw 13 of its levels.

You collected 672 gold pieces.
You spent 84 gold pieces at shops.

Inventory:

Hand Weapons
 v - a +0 war axe of protection
 M - a +3 falchion
 P - a +2 scimitar of flaming
 R - a +4 trident
 S - a +3 short sword
Missiles
 d - 45 poisoned darts (quivered)
 g - 7 boomerangs
 u - a throwing net
 y - 6 javelins
 C - 3 atropa-tipped darts
 F - 3 curare-tipped darts
Armour
 b - a +2 kite shield (worn)
 B - a +0 cloak (worn)
 N - +0 steam dragon scales (worn)
Jewellery
 i - a ring of willpower
 l - a +6 ring of dexterity (left claw)
 m - a +4 ring of evasion (right claw)
 p - a ring of wizardry
 q - a ring of poison resistance
 x - a ring of positive energy
 E - an amulet of regeneration (around neck)
 G - a +6 ring of dexterity
 U - a ring of protection from cold
Wands
 r - a wand of polymorph (9)
 I - a wand of mindburst (23)
 J - a wand of flame (12)
 L - a wand of paralysis (9)
Scrolls
 a - 2 scrolls of poison
 j - 2 scrolls of silence
 n - 5 scrolls of teleportation
 o - a scroll of noise
 t - 5 scrolls of fog
 Q - a scroll of identify
Potions
 c - 2 potions of might
 e - 11 potions of curing
 f - a potion of berserk rage
 h - 5 potions of heal wounds
 k - 2 potions of flight
 s - 3 potions of mutation
 w - 3 potions of brilliance
 z - a potion of cancellation
 A - a potion of resistance {unknown}
 D - 2 potions of lignification
 H - a potion of attraction
 T - a potion of invisibility


   Skills:
 + Level 7.4 Fighting
 + Level 5.5 Dodging
 + Level 8.1 Shields
 * Level 12.0 Unarmed Combat


You had 10 spell levels left.
You didn't know any spells.
Your spell library contained the following spells:

 Spells                   Type           Power      Damage    Failure   Level
 Magic Dart               Conj           0%         1d3       65%         1
 Summon Small Mammal      Summ           0%         N/A       65%         1
 Call Imp                 Summ           0%         N/A       78%         2
 Call Canine Familiar     Summ           0%         N/A       95%         3
 Gell's Gravitas          Tloc           0%         N/A       95%         3
 Lesser Beckoning         Tloc           0%         N/A       95%         3
 Mephitic Cloud           Conj/Pois/Air  0%         N/A       95%         3
 Ozocubu's Armour         Ice            0%         N/A       95%         3
 Portal Projectile        Hex/Tloc       0%         N/A       95%         3
 Summon Guardian Golem    Hex/Summ       0%         N/A       95%         3
 Teleport Other           Tloc           0%         N/A       95%         3
 Tukima's Dance           Hex            0%         N/A       95%         3
 Fulminant Prism          Conj/Hex       0%         3d6       100%        4
 Iskenderun's Mystic Bla  Conj/Tloc      0%         2d3       100%        4
 Blade Hands              Tmut           0%         N/A       100%        5
 Lee's Rapid Deconstruct  Erth           0%         3d5*      100%        5
 Metabolic Englaciation   Hex/Ice        0%         N/A       100%        5
 Summon Forest            Summ/Tloc      0%         N/A       100%        5
 Eringya's Noxious Bog    Tmut/Pois      0%         N/A       100%        6
 Simulacrum               Ice/Necr       0%         N/A       100%        6
 Summon Hydra             Summ           0%         N/A       100%        7


Dungeon Overview and Level Annotations

Branches:
Dungeon (12/15)            Temple (1/1) D:5            Lair (0/5) D:11
    Orc (0/2) D:12

Altars:
Ashenzari
Cheibriados
Dithmenos
Elyvilon
Fedhas
Gozag
Hepliaklqana
Kikubaaqudgha
Makhleb
Nemelex Xobeh
Okawaru
Qazlal
Ru
Sif Muna
Trog
Uskayaw
Vehumet
Wu Jian
Xom
Yredelemnul
Zin
The Shining One

Shops:
D:4 *   D:6 (

Annotations:
D:3 2 runed translucent doors, adizb's ghost, amateur TeHu


Innate Abilities, Weirdness & Mutations

You are too large for most types of armour.
You have claws for hands.
Your natural rate of healing is unusually fast.
You are covered in fur. (AC +1)
You have tough skin. (AC +1)


Message History

You block the two-headed ogre's attack.
The two-headed ogre completely misses you.
A basilisk comes into view.
You barely miss the two-headed ogre.
The two-headed ogre is moderately wounded.
The two-headed ogre hits you with a +0 giant spiked club!!
You block the two-headed ogre's attack. The basilisk gazes at you.
You are slowing down.
As you read the scroll of teleportation, it crumbles to dust.
You feel strangely unstable.
The two-headed ogre hits you but does no damage.
The two-headed ogre closely misses you.
Your limbs are stiffening.
You spin and attack the basilisk.
You claw the basilisk!
The basilisk is heavily wounded.
The basilisk gazes at you. You resist with some effort.
The basilisk gazes at you. You resist with some effort.
You have turned to stone.
The basilisk bites you but does no damage.
The two-headed ogre hits you with a +0 giant spiked club!
The two-headed ogre hits you with a +0 giant spiked club!!
Your surroundings seem slightly different.
The basilisk bites you!
The two-headed ogre hits you with a +0 giant spiked club.
The two-headed ogre hits you with a +0 giant spiked club!
* * * LOW HITPOINT WARNING * * *
The basilisk gazes at you. The basilisk gazes at you.
You resist with some effort.
The two-headed ogre hits you with a +0 giant spiked club!
* * * LOW HITPOINT WARNING * * *
The two-headed ogre hits you with a +0 giant spiked club!
* * * LOW HITPOINT WARNING * * *
The basilisk bites you.
* * * LOW HITPOINT WARNING * * *
The two-headed ogre hits you with a +0 giant spiked club!!
* * * LOW HITPOINT WARNING * * *
The two-headed ogre hits you with a +0 giant spiked club!!
You die...

.# ..# #.## #..# +..#
##..# ##...########
##...O@.......#
#.....l##..##.#
#......##.....#
.....####.##..#..#
##.#..........#..#
.........<.#.....#####
. ##.....>...##......#
+.....##.#.##....<.#
###... #.#......#..###


You could see a two-headed ogre and a basilisk.

Vanquished Creatures
  2 two-headed ogres
  A gargoyle (D:11)
  A yaktaur (D:9)
  A hornet (D:11)
  Grinder (D:3)
  A vampire (D:10)
  A wyvern (D:7)
  11 yaks
  A wraith (D:11)
  3 steam dragons
  7 vampire mosquitoes (D:11)
  Menkaure (D:4)
  2 wargs (D:11)
  2 water moccasins
  3 orc warriors
  2 ice beasts
  3 black bears
  An ogre (D:5)
  2 sky beasts (D:7)
  4 centaurs
  5 kobold brigands
  2 phantoms
  3 bullfrogs (D:7)
  A necrophage (D:8)
  A scorpion (D:5)
  8 wights
  6 killer bees (D:9)
  2 howler monkeys
  A hound (D:6)
  A jelly (D:6)
  3 orc priests
  5 iguanas
  Jessica (D:3)
  7 orc wizards
  8 gnolls
  9 adders
  A white imp (D:4)
  An ufetubus (D:7)
  A worm (D:5)
  27 orcs
  4 ball pythons
  5 endoplasms
  4 giant cockroaches
  7 goblins
  9 hobgoblins
  24 kobolds
  A quokka (D:4)
  2 bats
  4 frilled lizards
  3 rats
206 creatures vanquished.

Vanquished Creatures (others)
  2 plants (D:3)
2 creatures vanquished.

Grand Total: 208 creatures vanquished

Notes
Turn   | Place    | Note
-------+----------+-------------------------------------------
     0 | D:1      | croobank the Troll Fighter began the quest for the Orb.
     0 | D:1      | Reached XP level 1. HP: 22/22 MP: 0/0
   171 | D:1      | Reached XP level 2. HP: 29/29 MP: 1/1
   820 | D:2      | Reached XP level 3. HP: 30/36 MP: 2/2
  1210 | D:2      | Reached skill level 3 in Unarmed Combat
  1465 | D:3      | Found a faded altar of an unknown god.
  1501 | D:3      | Reached XP level 4. HP: 44/44 MP: 3/3
  1637 | D:3      | Noticed Jessica
  1649 | D:3      | Killed Jessica
  1657 | D:3      | Noticed Grinder
  1659 | D:3      | Paralysed by Grinder for 3 turns
  1668 | D:3      | Killed Grinder
  1669 | D:3      | Reached skill level 4 in Unarmed Combat
  1669 | D:3      | Reached XP level 5. HP: 47/53 MP: 4/4
  1669 | D:3      | Reached XP level 6. HP: 54/61 MP: 5/5
  1744 | D:3      | Found an opulent altar of Gozag.
  1828 | D:3      | Reached skill level 5 in Unarmed Combat
  2053 | D:3      | Found a large runed translucent door.
  2054 | D:3      | Found a large runed translucent door.
  2056 | D:3      | Noticed adizb's ghost (amateur TeHu)
  2322 | D:4      | Found Atud Uti's General Store.
  2332 | D:4      | Bought 2 scrolls of identify for 56 gold pieces
  2332 | D:4      | Bought a scroll of identify for 28 gold pieces
  2606 | D:4      | Noticed Menkaure
  2615 | D:4      | Killed Menkaure
  2616 | D:4      | Reached XP level 7. HP: 56/70 MP: 6/6
  2904 | D:4      | Reached skill level 6 in Unarmed Combat
  2913 | D:5      | Entered Level 5 of the Dungeon
  2981 | D:5      | Found a staircase to the Ecumenical Temple.
  2999 | Temple   | Entered the Ecumenical Temple
  3184 | Temple   | Became a worshipper of the Wu Jian Council
  3344 | D:5      | Reached skill level 5 in Shields
  3344 | D:5      | Reached XP level 8. HP: 79/79 MP: 7/7
  3359 | D:5      | Reached skill level 7 in Unarmed Combat
  3738 | D:6      | Reached skill level 5 in Fighting
  3738 | D:6      | Reached * piety under Wu Jian
  3866 | D:6      | Reached skill level 8 in Unarmed Combat
  4188 | D:6      | Found Ajil's Weapon Shop.
  4699 | D:7      | Reached XP level 9. HP: 60/88 MP: 8/8
  5041 | D:7      | Reached skill level 9 in Unarmed Combat
  5256 | D:7      | Found a glowing silver altar of Zin.
  5379 | D:7      | Reached ** piety under Wu Jian
  5703 | D:8      | Reached skill level 10 in Unarmed Combat
  6419 | D:9      | Noticed Erica
  6423 | D:9      | Noticed Erica
  6423 | D:9      | Erica changed into Erica the yaktaur
  6429 | D:9      | Killed Erica the yaktaur
  6430 | D:9      | Reached XP level 10. HP: 95/100 MP: 9/9
  7209 | D:10     | Entered Level 10 of the Dungeon
  7279 | D:10     | Noticed a two-headed ogre
  7287 | D:10     | Killed a two-headed ogre
  7288 | D:10     | Reached skill level 11 in Unarmed Combat
  7462 | D:10     | Found a shadowy altar of Dithmenos.
  7462 | D:10     | Found a shimmering altar of Xom.
  7471 | D:10     | Found a snail-covered altar of Cheibriados.
  7473 | D:10     | Found a blossoming altar of Fedhas.
  7475 | D:10     | Found a shimmering blue altar of Sif Muna.
  7521 | D:10     | Reached *** piety under Wu Jian
  7525 | D:10     | Reached skill level 5 in Dodging
  7924 | D:11     | Found a staircase to the Lair.
  8163 | D:11     | Noticed a two-headed ogre
  8168 | D:11     | Killed a two-headed ogre
  8169 | D:11     | Reached XP level 11. HP: 80/109 MP: 10/10
  8627 | D:11     | Reached skill level 12 in Unarmed Combat
  8718 | D:12     | Found a staircase to the Orcish Mines.
  8725 | D:12     | Noticed a two-headed ogre
  8744 | D:12     | Slain by a two-headed ogre

Illustrated notes

Levels and vault maps discovered:
D:1:      minmay_arrival_checkered_box, layout_basic
D:2:      layout_loops_corners, nicolae_concentric_dashed_squares_wild,
          kennysheep_small_spiral
D:3:      layout_basic, mainiacjoe_overflow_24_doors,
          ebering_ghost_disaster_area, ebering_ecumenical_altar_ruins,
          serial_bayou_pond_e, uniq_grinder, uniq_jessica
D:4:      layout_loops_cross, serial_shops, shop, uniq_menkaure
D:5:      layout_rooms, minmay_temple_entry_large_hall,
          minmay_fractal_squares_diagonal_5
D:6:      layout_loops_ring, serial_shops, nicolae_shop_waterfront
D:7:      layout_loops_corners, lemuel_round_altar
D:8:      layout_layer_cave, minmay_misc_feat_columns
D:9:      layout_basic, uniq_erica
D:10:     layout_roguey, chequers_temple_overflow_minitemple
D:11:     layout_roguey, erik_lair_orcish_takeover
D:12:     layout_basic, orc_0_dummy, gammafunk_ghost_fury_of_okawaru,
          chequers_avenue, grunt_ministairs_15
Temple:   nicolae_temple_bog_church

Skill      XL: |  1  2  3  4  5  6  7  8  9 10 11 |
---------------+----------------------------------+-----
Shields        | 3 4 5 6 7 8 |  8.1
Unarmed Combat | 3 4 5 6 8 10 11 12 | 12.0
Fighting       | 3 4 5 6 7 |  7.4
Dodging        | 4 5 |  5.5

Action                   |  1- 3 |  4- 6 |  7- 9 | 10-12 || total
-------------------------+-------+-------+-------+-------++-------
Melee: Unarmed           |    94 |    91 |   254 |   217 ||   656
Throw: Boomerang         |       |       |    27 |       ||    27
       Dart              |       |       |       |     6 ||     6
Invok: Lunge             |       |       |    15 |     9 ||    24
       Whirlwind         |       |       |       |     7 ||     7
       Serpent's Lash    |       |       |       |     1 ||     1
 Abil: Wall Jump         |       |       |       |     8 ||     8
Evoke: Wand              |       |       |     2 |       ||     2
  Use: Scroll            |       |     6 |     4 |    14 ||    24
       Potion            |       |       |     1 |       ||     1
 Stab: Sleeping          |     2 |     2 |     2 |     1 ||     7
Armor: Robe              |    29 |     8 |    35 |       ||    72
       Steam dragon scal |       |       |     8 |    42 ||    50
Dodge: Dodged            |    35 |    51 |    96 |   111 ||   293
Block: Kite shield       |    25 |    45 |    97 |   119 ||   286
